[Event "EYCC Open-U18 2019"]
[Site "Bratislava"]
[Date "2019.08.02"]
[Round "1.1"]
[White "Hakobyan, Aram"]
[Black "Castillo Dalmau, Albert"]
[Result "1-0"]
[ECO "B47"]
[WhiteElo "2568"]
[BlackElo "2252"]
[Annotator "ChessBase"]
[PlyCount "51"]
[EventDate "2019.08.02"]
[EventType "swiss"]
[EventCountry "SVK"]
[SourceTitle "playchess.com"]
[Source "ChessBase"]
[SourceQuality "1"]
[TimeControl "40/5400+30:1800+30"]

1. Nf3 c5 2. e4 e6 3. d4 cxd4 4. Nxd4 Nc6 5. Nc3 Qc7 6. Be2 a6 7. O-O Nf6 8. Be3 Bb4 9. Nxc6 bxc6 10. f4 d5 11. e5 Nd7 12. Na4 O-O 13. c4 Bb7 14. c5 Qb8 15. Bd3 Ba5 16. Bd4 f5 17. exf6 Nxf6 18. Qe2 Bc8 19. Nb6 Ra7 20. b4 Bxb6 21. cxb6 Raf7 22. a4 Ne8 23. Bc5 Nd6 24. Qe5 Rd8 25. a5 Rf6 26. Rf3 1-0

[Event "EYCC Open-U18 2019"]
[Site "Bratislava"]
[Date "2019.08.02"]
[Round "1.2"]
[White "Kizatbay, Abyl"]
[Black "Van Foreest, Lucas"]
[Result "0-1"]
[ECO "B40"]
[WhiteElo "2216"]
[BlackElo "2521"]
[Annotator "ChessBase"]
[PlyCount "96"]
[EventDate "2019.08.02"]
[EventType "swiss"]
[EventCountry "SVK"]
[SourceTitle "playchess.com"]
[Source "ChessBase"]
[SourceQuality "1"]
[TimeControl "40/5400+30:1800+30"]

1. e4 c5 2. Nf3 e6 3. g3 Nc6 4. Bg2 Nf6 5. Qe2 e5 6. O-O Be7 7. c3 d6 8. d3 O-O 9. Na3 Re8 10. Bg5 Be6 11. Nc4 h6 12. Bxf6 Bxf6 13. Ne3 b5 14. Nd2 b4 15. Nd5 Bg5 16. Nc4 bxc3 17. bxc3 Bxd5 18. exd5 Na5 19. h4 Bf6 20. Be4 Nxc4 21. dxc4 Qa5 22. Qf3 Rab8 23. Rfb1 Qa4 24. Qf5 Kf8 25. Rxb8 Rxb8 26. Rb1 Rxb1+ 27. Bxb1 Qe8 28. Kg2 Ke7 29. Qc2 g6 30. Qb3 Kf8 31. Qb5 Qe7 32. Qb8+ Kg7 33. Be4 h5 34. a4 Kh6 35. a5 Bg7 36. a6 f5 37. Qb7 Qf6 38. Bb1 e4 39. Qxa7 Qxc3 40. Qe7 Qf3+ 41. Kg1 Qd1+ 42. Kg2 Qxb1 43. a7 Qa2 44. Qb7 Bd4 45. a8=Q Qxf2+ 46. Kh3 Qf1+ 47. Kh2 Qg1+ 48. Kh3 Qh1# 0-1

[Event "EYCC Open-U18 2019"]
[Site "Bratislava"]
[Date "2019.08.02"]
[Round "1.3"]
[White "Nguyen, Thai Dai Van"]
[Black "Godzwon, Iwo"]
[Result "1-0"]
[ECO "E35"]
[WhiteElo "2535"]
[BlackElo "2285"]
[Annotator "ChessBase"]
[PlyCount "115"]
[EventDate "2019.08.02"]
[EventType "swiss"]
[EventCountry "SVK"]
[SourceTitle "playchess.com"]
[Source "ChessBase"]
[SourceQuality "1"]
[TimeControl "40/5400+30:1800+30"]

1. d4 Nf6 2. c4 e6 3. Nc3 Bb4 4. Qc2 d5 5. cxd5 exd5 6. Bg5 h6 7. Bh4 c5 8. dxc5 Be6 9. e3 Nbd7 10. a3 Bxc5 11. Nf3 Rc8 12. Bd3 O-O 13. O-O Be7 14. Rfd1 Nc5 15. Rac1 Qb6 16. Nd4 Nxd3 17. Rxd3 Rc7 18. Qb3 Qxb3 19. Nxb3 Rfc8 20. Bg3 Rd7 21. f3 Bd8 22. Be5 Bb6 23. Bd4 Bxd4 24. Rxd4 Kf8 25. Kf2 Ke7 26. Rcd1 b6 27. g4 Rc4 28. h4 Rxd4 29. Nxd4 a6 30. g5 hxg5 31. hxg5 Ne8 32. Nc6+ Kd6 33. Nb4 Nc7 34. e4 Ke5 35. Nd3+ Kd6 36. Nb4 Ke5 37. Nd3+ Kd6 38. f4 f6 39. f5 Bg8 40. Nf4 fxg5 41. Ng6 Kc5 42. b4+ Kd6 43. e5+ Kc6 44. Ne2 Rd8 45. Nd4+ Kb7 46. Rg1 Bf7 47. Rxg5 Re8 48. Nf4 Rxe5 49. Rxg7 Re7 50. Rh7 Rd7 51. Nd3 Be6 52. Rxd7 Bxd7 53. f6 Be6 54. Ne5 b5 55. Ke3 a5 56. Nxe6 Nxe6 57. f7 axb4 58. axb4 1-0

[Event "EYCC Open-U18 2019"]
[Site "Bratislava"]
[Date "2019.08.02"]
[Round "1.4"]
[White "Zeman, Matyas"]
[Black "Bjerre, Jonas Buhl"]
[Result "0-1"]
[ECO "B50"]
[WhiteElo "2275"]
[BlackElo "2503"]
[Annotator "ChessBase"]
[PlyCount "188"]
[EventDate "2019.08.02"]
[EventType "swiss"]
[EventCountry "SVK"]
[SourceTitle "playchess.com"]
[Source "ChessBase"]
[SourceQuality "1"]
[TimeControl "40/5400+30:1800+30"]

1. e4 c5 2. Nf3 d6 3. g3 Nf6 4. d3 g6 5. Bg2 Bg7 6. O-O Nc6 7. Re1 O-O 8. h3 e5 9. a4 h6 10. Na3 Re8 11. Nc4 Be6 12. Ne3 Qd7 13. Kh2 d5 14. Nd2 Rad8 15. c4 d4 16. Nd5 Nh7 17. Nb3 Qd6 18. Bd2 Rf8 19. Na5 Rd7 20. Qb3 Nxa5 21. Bxa5 f5 22. exf5 Rxf5 23. Re2 Ng5 24. Bc7 Rxc7 25. Nxc7 Qxc7 26. Qxb7 Qxb7 27. Bxb7 Rf7 28. Bc6 e4 29. Bxe4 Nxe4 30. Rxe4 Bf5 31. Re8+ Bf8 32. Rd1 Bd7 33. Re2 g5 34. b3 Bd6 35. Rde1 Rf3 36. Rd2 h5 37. Re4 Kf7 38. b4 Bc6 39. bxc5 Bxe4 40. cxd6 Bxd3 41. d7 Ke7 42. g4 Kd8 43. gxh5 Bf5 44. Rxd4 Rxh3+ 45. Kg2 Rxh5 46. f3 Bxd7 47. Rd6 Kc7 48. Rg6 g4 49. fxg4 Ra5 50. g5 Rxa4 51. Rf6 Rxc4 52. g6 a5 53. Kf3 Bc6+ 54. Ke3 Rg4 55. Kd2 Kb6 56. Kc3 Rg2 57. Re6 Kc5 58. Re3 Rxg6 59. Kb3 Rg2 60. Rc3+ Kd6 61. Rd3+ Bd5+ 62. Ka4 Kc5 63. Rh3 Rg4+ 64. Ka3 Rg2 65. Ka4 Rb2 66. Rg3 Rb4+ 67. Kxa5 Rb8 68. Rg6 Rh8 69. Rb6 Ra8+ 70. Ra6 Rb8 71. Rg6 Rb5+ 72. Ka6 Rb8 73. Ka5 Rb5+ 74. Ka6 Rb2 75. Ka7 Rb7+ 76. Ka6 Rh7 77. Ka5 Rh2 78. Rg4 Rb2 79. Rh4 Bf7 80. Rf4 Bc4 81. Rf5+ Bd5 82. Rf4 Rb8 83. Rf6 Rb5+ 84. Ka6 Rb1 85. Ka7 Rb7+ 86. Ka6 Rb3 87. Ka7 Rh3 88. Kb8 Bc6 89. Kc7 Rh7+ 90. Kd8 Kb6 91. Rf2 Rd7+ 92. Kc8 Rd1 93. Rb2+ Bb5 94. Rc2 Ba6+ 0-1

[Event "EYCC Open-U18 2019"]
[Site "Bratislava"]
[Date "2019.08.02"]
[Round "1.5"]
[White "Engel, Luis"]
[Black "Hurdzan, Tomas"]
[Result "1-0"]
[ECO "B66"]
[WhiteElo "2509"]
[BlackElo "2231"]
[Annotator "ChessBase"]
[PlyCount "99"]
[EventDate "2019.08.02"]
[EventType "swiss"]
[EventCountry "SVK"]
[SourceTitle "playchess.com"]
[Source "ChessBase"]
[SourceQuality "1"]
[TimeControl "40/5400+30:1800+30"]

1. e4 c5 2. Nf3 d6 3. d4 cxd4 4. Nxd4 Nf6 5. Nc3 Nc6 6. Bg5 e6 7. Qd2 a6 8. O-O-O h6 9. Nxc6 bxc6 10. Bf4 d5 11. Qe3 Bb4 12. Be2 O-O 13. e5 Nh7 14. h4 Qa5 15. Rh3 Bc5 16. Qd2 Ra7 17. Bd3 f5 18. Kb1 Rb7 19. Ka1 Bd7 20. Rb1 Bb4 21. Be2 c5 22. Qe3 Bc6 23. Nd1 d4 24. Qb3 Bd5 25. Bc4 Bd2 26. Bxd2 Qxd2 27. Qd3 Qf4 28. Bxd5 exd5 29. Qxa6 Re7 30. Qd6 Qxe5 31. Qxc5 Rc7 32. Qb6 Rc4 33. c3 Nf6 34. cxd4 Rxd4 35. Re3 Re4 36. Nc3 Rb8 37. Qc5 Rxe3 38. Qxe3 Qd6 39. Qd3 d4 40. Ne2 Nd5 41. Rc1 Re8 42. Nxd4 Nb4 43. Qc4+ Kh8 44. a3 Nd5 45. Nxf5 Qe5 46. Nd4 Rb8 47. g3 Rf8 48. Nc6 Qf5 49. g4 Qf3 50. Ne5 1-0

[Event "EYCC Open-U18 2019"]
[Site "Bratislava"]
[Date "2019.08.02"]
[Round "1.6"]
[White "Kotau, Arseni"]
[Black "Schoppen, Casper"]
[Result "1/2-1/2"]
[ECO "E06"]
[WhiteElo "2227"]
[BlackElo "2493"]
[Annotator "ChessBase"]
[PlyCount "99"]
[EventDate "2019.08.02"]
[EventType "swiss"]
[EventCountry "SVK"]
[SourceTitle "playchess.com"]
[Source "ChessBase"]
[SourceQuality "1"]
[TimeControl "40/5400+30:1800+30"]

1. d4 Nf6 2. c4 e6 3. g3 d5 4. Bg2 Be7 5. Nf3 O-O 6. O-O dxc4 7. Qc2 a6 8. a4 Bd7 9. Qxc4 Bc6 10. Nc3 b5 11. Qd3 b4 12. Nb1 Be4 13. Qd1 c5 14. Nbd2 Bd5 15. dxc5 Nbd7 16. c6 Bxc6 17. Nc4 Bd5 18. Nfe5 Nxe5 19. Nxe5 Bxg2 20. Kxg2 Qc7 21. Nf3 Rac8 22. Bf4 Qc2 23. Be5 Rfd8 24. Qxc2 Rxc2 25. Nd4 Rc5 26. Rac1 Rxe5 27. Nc6 Rxe2 28. Nxd8 Bxd8 29. Rfd1 Be7 30. Rc8+ Bf8 31. Rdd8 g5 32. Rxf8+ Kg7 33. b3 Rb2 34. h4 g4 35. h5 h6 36. Rfd8 Rxb3 37. Rc4 Rb2 38. Ra8 e5 39. Rxa6 e4 40. Ra5 e3 41. Rf4 e2 42. Re5 b3 43. Rb4 Nd5 44. Rbe4 Nc3 45. Rxg4+ Kf6 46. Re8 Nd5 47. Rd4 Nc7 48. Rf4+ Kg7 49. Rg4+ Kf6 50. Rf4+ {[%emt 0:01:04] Ke5} 1/2-1/2

[Event "EYCC Open-U18 2019"]
[Site "Bratislava"]
[Date "2019.08.02"]
[Round "1.7"]
[White "Gumularz, Szymon"]
[Black "Akdogan, Alperen"]
[Result "1-0"]
[ECO "B12"]
[WhiteElo "2502"]
[BlackElo "2193"]
[Annotator "ChessBase"]
[PlyCount "79"]
[EventDate "2019.08.02"]
[EventType "swiss"]
[EventCountry "SVK"]
[SourceTitle "playchess.com"]
[Source "ChessBase"]
[SourceQuality "1"]
[TimeControl "40/5400+30:1800+30"]

1. e4 c6 2. d4 d5 3. e5 c5 4. Nf3 e6 5. c3 Nc6 6. a3 Bd7 7. b4 c4 8. a4 Qc7 9. Na3 O-O-O 10. Bf4 f5 11. Qd2 a6 12. h4 Nh6 13. Be2 Nf7 14. Nc2 Be7 15. Ne3 g6 16. g4 h6 17. gxf5 gxf5 18. Bg3 Rdg8 19. Ng2 Rh7 20. Nf4 Nh8 21. Ng1 Nd8 22. Bf3 Ng6 23. Nge2 Nxf4 24. Nxf4 Nf7 25. Qe2 Qd8 26. b5 Qa5 27. Kd2 Nd8 28. Rhb1 Rhg7 29. Qe1 Be8 30. Rb2 Bd7 31. bxa6 Qxa6 32. a5 Nc6 33. Bxd5 exd5 34. e6 Be8 35. Nxd5 Rxg3 36. fxg3 Bd6 37. Rb6 Qa7 38. a6 bxa6 39. Raxa6 Bxg3 40. Qb1 1-0

[Event "EYCC Open-U18 2019"]
[Site "Bratislava"]
[Date "2019.08.02"]
[Round "1.8"]
[White "Riha, Vojtech"]
[Black "Vrolijk, Liam"]
[Result "0-1"]
[ECO "B20"]
[WhiteElo "2197"]
[BlackElo "2478"]
[Annotator "ChessBase"]
[PlyCount "66"]
[EventDate "2019.08.02"]
[EventType "swiss"]
[EventCountry "SVK"]
[SourceTitle "playchess.com"]
[Source "ChessBase"]
[SourceQuality "1"]
[TimeControl "40/5400+30:1800+30"]

1. e4 c5 2. b4 cxb4 3. a3 d5 4. exd5 Qxd5 5. Nf3 e6 6. Bb2 Nf6 7. axb4 Bxb4 8. c4 Qd7 9. Be2 O-O 10. O-O b6 11. Ne5 Qc7 12. Na3 Bb7 13. Qb3 Bxa3 14. Rxa3 Nbd7 15. Qe3 Rfd8 16. Qf4 Nxe5 17. Bxe5 Qe7 18. Rfa1 Bc6 19. Qg5 h6 20. Qh4 Rxd2 21. Rg3 Kf8 22. Bf3 Bxf3 23. Rxf3 Ne8 24. Bxg7+ Nxg7 25. Qxh6 Qd6 26. h4 Qd4 27. Re1 Kg8 28. Qg5 Rc8 29. h5 Rd1 30. Rxd1 Qxd1+ 31. Kh2 Rc5 32. Qe7 Rxh5+ 33. Kg3 Nf5+ 0-1

[Event "EYCC Open-U18 2019"]
[Site "Bratislava"]
[Date "2019.08.02"]
[Round "1.9"]
[White "Pechac, Jergus"]
[Black "Mirri, Pietro"]
[Result "1-0"]
[ECO "D11"]
[WhiteElo "2469"]
[BlackElo "2194"]
[Annotator "ChessBase"]
[PlyCount "117"]
[EventDate "2019.08.02"]
[EventType "swiss"]
[EventCountry "SVK"]
[SourceTitle "playchess.com"]
[Source "ChessBase"]
[SourceQuality "1"]
[TimeControl "40/5400+30:1800+30"]

1. d4 d5 2. c4 c6 3. Nf3 Nf6 4. e3 e6 5. Bd3 Nbd7 6. O-O dxc4 7. Bxc4 b5 8. Bd3 a6 9. a4 Bb7 10. e4 b4 11. Nbd2 c5 12. e5 Nd5 13. Ne4 cxd4 14. Bb1 Qb6 15. a5 Qa7 16. Kh1 h6 17. Nxd4 Nxe5 18. Be3 Qb8 19. Qa4+ Nd7 20. Nb3 Nxe3 21. fxe3 Qc7 22. Rc1 Qe5 23. Nec5 Bxc5 24. Nxc5 Bc8 25. Be4 O-O 26. Bxa8 Nxc5 27. Qc2 Nd7 28. Qd2 Nc5 29. Qc2 Nd7 30. Ra4 Nf6 31. Rxb4 Bd7 32. Bb7 Qxa5 33. Rc4 Qb6 34. Bc6 Qxe3 35. Qc3 Qa7 36. Bxd7 Qxd7 37. Rc8 Nd5 38. Rxf8+ Kxf8 39. Qa3+ Kg8 40. Qxa6 Qe7 41. Qc4 Qg5 42. Rb1 Qf5 43. Rf1 Qe5 44. b4 Ne3 45. Qf4 Qc3 46. Qxf7+ Kh7 47. Qf3 Qc4 48. Re1 Ng4 49. b5 Qb4 50. Rd1 h5 51. h3 Nf6 52. Qd3+ Kg8 53. Rb1 Qf4 54. Qf3 Qc4 55. b6 Qc2 56. Qb3 Qc8 57. b7 Qb8 58. Qxe6+ Kh7 59. Qc8 1-0

[Event "EYCC Open-U18 2019"]
[Site "Bratislava"]
[Date "2019.08.02"]
[Round "1.10"]
[White "Ghersinich, Enrico"]
[Black "Blohberger, Felix"]
[Result "1-0"]
[ECO "E31"]
[WhiteElo "2221"]
[BlackElo "2476"]
[Annotator "ChessBase"]
[PlyCount "89"]
[EventDate "2019.08.02"]
[EventType "swiss"]
[EventCountry "SVK"]
[SourceTitle "playchess.com"]
[Source "ChessBase"]
[SourceQuality "1"]
[TimeControl "40/5400+30:1800+30"]

1. d4 Nf6 2. c4 e6 3. Nc3 Bb4 4. Bg5 h6 5. Bh4 c5 6. d5 d6 7. e3 Bxc3+ 8. bxc3 e5 9. Bd3 e4 10. Bc2 g5 11. Bg3 Qe7 12. h4 g4 13. Ne2 Nbd7 14. Qb1 Ne5 15. Bf4 Kd8 16. Bxe4 Nxc4 17. Bd3 Ne5 18. c4 Nh5 19. Bxe5 Qxe5 20. Kd2 Re8 21. g3 Kc7 22. a4 Bd7 23. a5 Reb8 24. Nc3 Kd8 25. Qc2 Nf6 26. Rhb1 Ke7 27. Rb2 Kf8 28. Rab1 Bc8 29. Nb5 Ne8 30. Be2 Kg7 31. Bd3 Bd7 32. Nc3 Bc8 33. Qd1 Nc7 34. f4 gxf3 35. Qxf3 Ne8 36. g4 Qh2+ 37. Be2 Qxh4 38. Ne4 Qe7 39. Rf1 b6 40. Qf4 bxa5 41. Rxb8 Rxb8 42. Rh1 Qe5 43. Qxh6+ Kg8 44. Rh5 Rb2+ 45. Kc1 1-0

[Event "EYCC Open-U18 2019"]
[Site "Bratislava"]
[Date "2019.08.02"]
[Round "1.11"]
[White "Erenberg, Ariel"]
[Black "Veleshnja, Zino"]
[Result "1-0"]
[ECO "E65"]
[WhiteElo "2442"]
[BlackElo "2131"]
[Annotator "NA"]
[PlyCount "93"]
[EventDate "2019.08.02"]
[EventType "swiss"]
[EventCountry "SVK"]
[SourceTitle "playchess.com"]
[Source "ChessBase"]
[SourceQuality "1"]
[TimeControl "40/5400+30:1800+30"]

1. d4 Nf6 2. c4 g6 3. g3 Bg7 4. Bg2 d6 5. Nc3 O-O 6. Nf3 c5 7. O-O Nc6 8. dxc5 dxc5 9. Bf4 Be6 10. Qa4 Nh5 11. Be3 Nd4 12. Ng5 Bd7 13. Qd1 e6 14. Nge4 Qc7 15. Bd2 f5 16. Ng5 h6 17. Nh3 Bc6 18. f3 Rad8 19. Rc1 g5 20. Qe1 e5 21. Nd5 Bxd5 22. cxd5 f4 23. e3 fxe3 24. Bxe3 Qd6 25. Kh1 Nf6 26. Nf2 Qxd5 27. f4 e4 28. fxg5 hxg5 29. b4 c4 30. Rd1 Qe5 31. Qc3 Nf3 32. Qxc4+ Kh8 33. Rxd8 Rxd8 34. Nxe4 Nxe4 35. Rxf3 Rd1+ 36. Bg1 g4 37. Rf1 Rxf1 38. Qxf1 b6 39. Qc4 Nf6 40. Qc8+ Kh7 41. Qb7 Qb2 42. Qxa7 Qxb4 43. Qxb6 Qa3 44. Qa7 Qd3 45. a4 Ne4 46. Qe3 Qxe3 47. Bxe3 1-0

[Event "EYCC Open-U18 2019"]
[Site "Bratislava"]
[Date "2019.08.02"]
[Round "1.12"]
[White "Brinovec, David"]
[Black "Petriashvili, Nikoloz"]
[Result "1-0"]
[ECO "B14"]
[WhiteElo "2205"]
[BlackElo "2451"]
[Annotator "ChessBase"]
[PlyCount "107"]
[EventDate "2019.08.02"]
[EventType "swiss"]
[EventCountry "SVK"]
[SourceTitle "playchess.com"]
[Source "ChessBase"]
[SourceQuality "1"]
[TimeControl "40/5400+30:1800+30"]

1. e4 c6 2. d4 d5 3. exd5 cxd5 4. c4 Nf6 5. Nc3 g6 6. cxd5 Bg7 7. Bb5+ Nbd7 8. d6 exd6 9. Qe2+ Qe7 10. Bf4 Qxe2+ 11. Bxe2 Ke7 12. Nb5 Ne8 13. O-O-O Nb6 14. Bf3 d5 15. Ne2 Be6 16. Rhe1 Rc8+ 17. Nbc3 Nd6 18. Kb1 a6 19. Be5 f6 20. Bg3 f5 21. Nf4 Ne4 22. Nxe4 dxe4 23. Bxe4 Bxa2+ 24. Kxa2 fxe4 25. Rxe4+ Kf7 26. Rde1 Bf6 27. Nd3 Rhd8 28. Be5 Bxe5 29. Nxe5+ Kg7 30. Nd3 Nd5 31. Nc5 Rd6 32. Nxb7 Rb6 33. Nc5 Rcb8 34. R4e2 Rb5 35. Rc1 Nf4 36. Rd2 Nxg2 37. d5 Nh4 38. Rc3 Nf5 39. Ne4 R5b7 40. d6 Rd7 41. Rc7 Rbd8 42. Nc5 Rxc7 43. dxc7 Rc8 44. Rd8 Ne7 45. Rxc8 Nxc8 46. Nxa6 Kf6 47. b4 Ke7 48. Kb3 Nb6 49. b5 Kd7 50. Kb4 Kc8 51. Kc5 Nd7+ 52. Kd6 Nb6 53. Kc6 Nc4 54. b6 1-0

[Event "EYCC Open-U18 2019"]
[Site "Bratislava"]
[Date "2019.08.02"]
[Round "1.13"]
[White "Salemgareev, Tagir"]
[Black "Brozyna, Mateusz"]
[Result "1-0"]
[ECO "D11"]
[WhiteElo "2412"]
[BlackElo "2258"]
[Annotator "NA"]
[PlyCount "59"]
[EventDate "2019.08.02"]
[EventType "swiss"]
[EventCountry "SVK"]
[SourceTitle "playchess.com"]
[Source "ChessBase"]
[SourceQuality "1"]
[TimeControl "40/5400+30:1800+30"]

1. d4 d5 2. c4 c6 3. Nf3 Nf6 4. e3 e6 5. Bd3 Nbd7 6. O-O Bd6 7. Nc3 dxc4 8. Bxc4 b5 9. Bd3 O-O 10. e4 e5 11. Ne2 Bb7 12. Bg5 h6 13. Bh4 Re8 14. dxe5 Bxe5 15. Qc2 Qe7 16. Ned4 Bxd4 17. Nxd4 Qc5 18. Nf5 Qxc2 19. Bxc2 Nxe4 20. Ne7+ Rxe7 21. Bxe7 Nef6 22. Rad1 Nd5 23. Bb3 N7b6 24. Bc5 a5 25. Bxb6 Nxb6 26. Rfe1 Kf8 27. a3 b4 28. axb4 axb4 29. Rd4 c5 30. Rd6 1-0

[Event "EYCC Open-U18 2019"]
[Site "Bratislava"]
[Date "2019.08.02"]
[Round "1.14"]
[White "Marzo Pie, Xavier"]
[Black "Gaifullin, Artur"]
[Result "0-1"]
[ECO "E36"]
[WhiteElo "2202"]
[BlackElo "2453"]
[Annotator "ChessBase"]
[PlyCount "84"]
[EventDate "2019.08.02"]
[EventType "swiss"]
[EventCountry "SVK"]
[SourceTitle "playchess.com"]
[Source "ChessBase"]
[SourceQuality "1"]
[TimeControl "40/5400+30:1800+30"]

1. d4 Nf6 2. c4 e6 3. Nc3 Bb4 4. Qc2 d5 5. a3 Bxc3+ 6. Qxc3 c5 7. dxc5 d4 8. Qc2 e5 9. e3 Nc6 10. Nf3 O-O 11. b4 Re8 12. e4 Bg4 13. Be2 a5 14. Rb1 Qc8 15. h3 Bh5 16. Nh4 Bxe2 17. Qxe2 axb4 18. axb4 Ra4 19. Bd2 d3 20. Qxd3 Rd8 21. Qc2 Qa8 22. Bc3 Ra2 23. Rb2 Ra1+ 24. Rb1 Qa4 25. Qxa4 Rxb1+ 26. Ke2 Rxh1 27. f3 Rc1 28. Bb2 Rxc4 29. Nf5 Nh5 30. Nd6 Nf4+ 31. Kf1 b5 32. Qb3 Nxb4 33. Nxc4 bxc4 34. Qa4 Nbd3 35. Bc3 Nxc5 36. Qxc4 Rd1+ 37. Kf2 Rc1 38. g3 Nfd3+ 39. Ke2 Rc2+ 40. Kd1 Nb2+ 41. Kxc2 Nxc4 42. Bb4 Ne6 0-1

[Event "EYCC Open-U18 2019"]
[Site "Bratislava"]
[Date "2019.08.02"]
[Round "1.15"]
[White "Murzin, Volodar"]
[Black "Santryan, Davit"]
[Result "1-0"]
[ECO "C79"]
[WhiteElo "2429"]
[BlackElo "2167"]
[Annotator "NA"]
[PlyCount "79"]
[EventDate "2019.08.02"]
[EventType "swiss"]
[EventCountry "SVK"]
[SourceTitle "playchess.com"]
[Source "ChessBase"]
[SourceQuality "1"]
[TimeControl "40/5400+30:1800+30"]

1. e4 e5 2. Nf3 Nc6 3. Bb5 a6 4. Ba4 Nf6 5. O-O d6 6. d3 g6 7. c3 Bg7 8. Nbd2 O-O 9. Re1 Re8 10. Nf1 b5 11. Bc2 Bb7 12. Ng3 d5 13. Qe2 h6 14. a4 Qe7 15. h3 Rad8 16. Be3 b4 17. a5 Nb8 18. Rec1 bxc3 19. bxc3 c5 20. Rcb1 d4 21. cxd4 exd4 22. Bc1 Qc7 23. Bf4 Qxf4 24. Rxb7 Nc6 25. Bb3 Nd7 26. Qd1 Re7 27. Nd2 Nde5 28. Rxe7 Nxe7 29. Nc4 N7c6 30. Ne2 Qf6 31. f4 Nxc4 32. Bxc4 Rb8 33. e5 Qd8 34. Qa4 Qc8 35. Ng3 Rb4 36. Qa2 Qc7 37. Ne4 Nxe5 38. fxe5 Bxe5 39. Rf1 Bf4 40. Nf6+ 1-0

[Event "EYCC Open-U18 2019"]
[Site "Bratislava"]
[Date "2019.08.02"]
[Round "1.16"]
[White "Chatzieleftheriou, Andreas"]
[Black "Zarubitski, Viachaslau"]
[Result "0-1"]
[ECO "B47"]
[WhiteElo "2208"]
[BlackElo "2424"]
[Annotator "NA"]
[PlyCount "82"]
[EventDate "2019.08.02"]
[EventType "swiss"]
[EventCountry "SVK"]
[SourceTitle "playchess.com"]
[Source "ChessBase"]
[SourceQuality "1"]
[TimeControl "40/5400+30:1800+30"]

1. e4 c5 2. Nf3 e6 3. d4 cxd4 4. Nxd4 Nc6 5. Nc3 Qc7 6. Qd3 a6 7. Nxc6 Qxc6 8. Qg3 Ne7 9. Bd3 Ng6 10. h4 Bd6 11. f4 Qc7 12. Ne2 O-O 13. h5 Ne7 14. Bd2 f6 15. Bc3 b5 16. Rh4 e5 17. Rg4 Rf7 18. fxe5 Bxe5 19. Bxe5 fxe5 20. h6 g6 21. Rg5 d6 22. a4 b4 23. Qe3 a5 24. O-O-O Be6 25. Kb1 Raf8 26. Rg3 Nc8 27. Rf3 Nb6 28. b3 Nd7 29. Rdf1 Nc5 30. Rxf7 Rxf7 31. Nc1 Rxf1 32. Bxf1 Qf7 33. Bb5 Qf4 34. Qxf4 exf4 35. Nd3 g5 36. Nxc5 dxc5 37. Bd3 g4 38. Kc1 g3 39. e5 Bd5 40. e6 f3 41. e7 Kf7 0-1

[Event "EYCC Open-U18 2019"]
[Site "Bratislava"]
[Date "2019.08.02"]
[Round "1.17"]
[White "Miesbauer, Jan"]
[Black "Garanin, Aleksei"]
[Result "0-1"]
[ECO "A16"]
[WhiteElo "2409"]
[BlackElo "2192"]
[Annotator "NA"]
[PlyCount "80"]
[EventDate "2019.08.02"]
[EventType "swiss"]
[EventCountry "SVK"]
[SourceTitle "playchess.com"]
[Source "ChessBase"]
[SourceQuality "1"]
[TimeControl "40/5400+30:1800+30"]

1. c4 Nf6 2. Nc3 g6 3. g3 Bg7 4. Bg2 O-O 5. e4 d6 6. Nge2 e5 7. O-O c6 8. d3 Be6 9. h3 Qd7 10. g4 h5 11. g5 Ne8 12. h4 Bh3 13. Ng3 Nc7 14. f4 exf4 15. Bxf4 Nba6 16. Qd2 Rad8 17. Kh2 Bxg2 18. Qxg2 Ne6 19. Be3 Nd4 20. Qf2 c5 21. Qg2 Nb4 22. Rad1 Be5 23. Qh3 Qg4 24. Qxg4 hxg4 25. Kg2 Nf3 26. Rh1 f5 27. exf5 gxf5 28. Bf2 Nc2 29. Nd5 Ncd4 30. Nh5 f4 31. Nhf6+ Bxf6 32. Nxf6+ Rxf6 33. gxf6 Nf5 34. b4 Re8 35. Rhe1 Nxe1+ 36. Rxe1 Rxe1 37. Bxe1 Kf7 38. Bd2 Nxh4+ 39. Kf2 g3+ 40. Ke2 f3+ 0-1

[Event "EYCC Open-U18 2019"]
[Site "Bratislava"]
[Date "2019.08.02"]
[Round "1.18"]
[White "Pirard, Natan"]
[Black "Travadon, Loic"]
[Result "1/2-1/2"]
[ECO "B30"]
[WhiteElo "2153"]
[BlackElo "2403"]
[Annotator "NA"]
[PlyCount "125"]
[EventDate "2019.08.02"]
[EventType "swiss"]
[EventCountry "SVK"]
[SourceTitle "playchess.com"]
[Source "ChessBase"]
[SourceQuality "1"]
[TimeControl "40/5400+30:1800+30"]

1. e4 c5 2. Nf3 Nc6 3. Bb5 e6 4. Bxc6 bxc6 5. O-O Ne7 6. Re1 Ng6 7. d3 Be7 8. Nc3 e5 9. Ne2 d6 10. Ng3 O-O 11. c3 f5 12. exf5 Bxf5 13. Nxf5 Rxf5 14. d4 exd4 15. cxd4 Kh8 16. dxc5 Rxc5 17. Be3 Rd5 18. Qa4 Qd7 19. Rac1 Rc8 20. Qe4 Bf6 21. b3 a5 22. h3 Rb5 23. Bd4 Bxd4 24. Nxd4 Re5 25. Qg4 Qb7 26. Nf5 Rd8 27. Rxe5 dxe5 28. Qe4 Qf7 29. Rxc6 Rf8 30. g4 Qb7 31. Qd5 Qb4 32. Rc1 Nf4 33. Qxe5 Nxh3+ 34. Kh2 Qxg4 35. Rc4 Nxf2 36. Qf4 Qxf4+ 37. Rxf4 Nd3 38. Rd4 Ne5 39. Kg3 g6 40. Nd6 Rf3+ 41. Kg2 Rc3 42. Ra4 Rd3 43. Rxa5 Ng4 44. Ne8 Rd8 45. Nc7 h5 46. Ne6 Rd2+ 47. Kg3 Re2 48. Nf4 Re3+ 49. Kh4 Kg7 50. Kg5 Ne5 51. Ne6+ Kf7 52. Nd8+ Ke8 53. Rd5 Re2 54. a4 Rg2+ 55. Kf4 Nd7 56. Nc6 h4 57. Rd3 Nf6 58. a5 Rg4+ 59. Ke5 Kf7 60. Nd8+ Ke7 61. Nc6+ Kf7 62. Nd8+ Ke7 63. Nc6+ 1/2-1/2

[Event "EYCC Open-U18 2019"]
[Site "Bratislava"]
[Date "2019.08.02"]
[Round "1.19"]
[White "Mitsis, Georgios"]
[Black "Gloser, David"]
[Result "1-0"]
[ECO "D85"]
[WhiteElo "2399"]
[BlackElo "2123"]
[Annotator "NA"]
[PlyCount "73"]
[EventDate "2019.08.02"]
[EventType "swiss"]
[EventCountry "SVK"]
[SourceTitle "playchess.com"]
[Source "ChessBase"]
[SourceQuality "1"]
[TimeControl "40/5400+30:1800+30"]

1. d4 Nf6 2. Nf3 g6 3. c4 Bg7 4. Nc3 d5 5. cxd5 Nxd5 6. e4 Nxc3 7. bxc3 c5 8. Rb1 O-O 9. Be2 b6 10. O-O Qc7 11. Be3 Bb7 12. d5 Bxc3 13. Qc1 Bg7 14. Bf4 Qc8 15. Bc4 Ba6 16. e5 e6 17. Ng5 Bxc4 18. Qxc4 exd5 19. Qxd5 Qc6 20. Qc4 h6 21. Nxf7 Rxf7 22. Rfd1 Qe8 23. e6 Rxf4 24. Qxf4 Nc6 25. Re1 Rd8 26. h3 Nd4 27. Qc7 Ra8 28. e7 Bf6 29. Qb7 Bxe7 30. Rxe7 Qf8 31. Rbe1 Nf5 32. Qd5+ Kh8 33. Qe5+ Ng7 34. Rd1 Re8 35. Rdd7 Rxe7 36. Rxe7 a6 37. Rb7 1-0

[Event "EYCC Open-U18 2019"]
[Site "Bratislava"]
[Date "2019.08.02"]
[Round "1.20"]
[White "Bekasovs, Rihards"]
[Black "Bronstein, Or"]
[Result "0-1"]
[ECO "B51"]
[WhiteElo "2144"]
[BlackElo "2378"]
[Annotator "NA"]
[PlyCount "80"]
[EventDate "2019.08.02"]
[EventType "swiss"]
[EventCountry "SVK"]
[SourceTitle "playchess.com"]
[Source "ChessBase"]
[SourceQuality "1"]
[TimeControl "40/5400+30:1800+30"]

1. e4 c5 2. Nf3 d6 3. Bb5+ Nd7 4. d4 cxd4 5. Qxd4 a6 6. Bxd7+ Bxd7 7. Nc3 e5 8. Qd3 Rc8 9. O-O Be6 10. Rd1 Qc7 11. h3 Be7 12. Bg5 Rd8 13. Qd2 h6 14. Bxe7 Nxe7 15. Rac1 O-O 16. Nd5 Bxd5 17. exd5 e4 18. Nd4 Nxd5 19. Nb5 axb5 20. Qxd5 Qc6 21. Rd4 Rfe8 22. c3 Re5 23. Qxe5 dxe5 24. Rxd8+ Kh7 25. Rcd1 Qc4 26. R8d5 e3 27. fxe3 Qe2 28. e4 Qxe4 29. Rxb5 Qe2 30. Rbd5 f5 31. R5d2 Qe3+ 32. Kf1 e4 33. Re2 Qg3 34. Rde1 h5 35. Rf2 Qd3+ 36. Kg1 e3 37. Rf3 f4 38. Rxf4 Qd2 39. Ref1 e2 40. Rb4 Qe3+ 0-1